 Dungeon Crawl Stone Soup version 0.23-a0-404-g0063841 (webtiles) character file.

40980 nikopol the Severer (level 13, -8/119 HPs)
             Began as a Minotaur Berserker on Nov 3, 2018.
             Was the Champion of Trog.
             Killed from afar by a rime drake (25 damage)
             ... with a flash freeze
             ... on level 6 of the Lair of Beasts on Nov 5, 2018.
             The game lasted 00:36:48 (15913 turns).

nikopol the Severer (Minotaur Berserker)           Turns: 15913, Time: 00:36:49

Health: -8/119     AC: 19    Str: 26    XL:     13   Next: 77%
Magic:  4/12       EV: 12    Int:  4    God:    Trog [******]
Gold:   1111       SH:  5    Dex: 11    Spells: 12/12 levels left

rFire    + . .     SeeInvis .   a - +2 war axe (freeze)
rCold    . . .     Gourm    .   f - +0 buckler {reflect}
rNeg     . . .     Faith    .   Y - +2 chain mail {rPois}
rPois    +         Spirit   .   (helmet restricted)
rElec    .         Reflect  +   y - +0 cloak
rCorr    .         Harm     .   I - +0 pair of gloves
MR       .....                  B - +0 pair of boots
Stlth    ..........             (no amulet)
HPRegen  0.29/turn              O - ring of protection from fire
MPRegen  0.13/turn              u - +3 ring of slaying

@: berserk cooldown, very slightly contaminated, slowed, very slow
A: retaliatory headbutt, horns 2
a: Berserk, Trog's Hand, Brothers in Arms, Renounce Religion


You were on level 6 of the Lair of Beasts.
You worshipped Trog.
Trog was exalted by your worship.
You were hungry.

You visited 2 branches of the dungeon, and saw 15 of its levels.

You collected 1111 gold pieces.

Inventory:

Hand Weapons
 a - a +2 war axe of freezing (weapon)
 e - a +3 antimagic morningstar
 q - a +3 longbow of flaming
 M - a +0 flail of protection
Armour
 f - a +0 buckler of reflection (worn)
 y - a +0 cloak (worn)
 B - a +0 pair of boots (worn)
 I - a +0 pair of gloves (worn)
 X - a +2 scale mail of cold resistance
 Y - a +2 chain mail of poison resistance (worn)
Jewellery
 s - an uncursed ring of positive energy
 u - a +3 ring of slaying (right hand)
 x - an uncursed ring of see invisible
 O - a ring of protection from fire (left hand)
Wands
 r - a wand of flame (36)
 v - a wand of acid (26)
 z - a wand of iceblast (7)
 D - a wand of clouds (4)
 E - a wand of paralysis (27)
 H - a wand of scattershot (6)
 L - a wand of digging (4)
 N - a wand of polymorph (16)
 P - a wand of disintegration (21)
 T - a wand of random effects (26)
Scrolls
 k - 3 scrolls of teleportation
 l - 2 scrolls of blinking
 m - 3 scrolls of enchant armour {unknown}
 n - 7 scrolls of remove curse
 t - 2 scrolls of amnesia {unknown}
 w - 3 scrolls of identify
 C - 2 scrolls of random uselessness {unknown}
 F - a scroll of summoning {unknown}
 G - 2 scrolls of torment {unknown}
 J - a scroll of fear {unknown}
 K - a scroll of magic mapping {unknown}
 R - 4 scrolls of enchant weapon {unknown}
Potions
 b - a potion of lignification {unknown}
 d - 4 potions of might
 g - a potion of heal wounds
 i - 3 potions of brilliance
 j - 4 potions of curing
 o - 2 potions of magic
 p - 3 potions of haste
 A - 6 potions of flight
 Q - a potion of agility {unknown}
 S - a potion of resistance {unknown}
 W - a potion of berserk rage {unknown}
Comestibles
 c - 16 rations
 h - 8 chunks of flesh


   Skills:
 + Level 12.7 Fighting
 * Level 17.9(18.0) Axes
 - Level 3.0(12.4) Maces & Flails
 + Level 13.5 Armour
 + Level 7.8 Dodging
 + Level 2.1 Stealth
 + Level 6.5 Shields
 + Level 1.3 Evocations


You had 12 spell levels left.
You didn't know any spells.
Your spell library was empty.

Dungeon Overview and Level Annotations

Branches:
Dungeon (9/15)             Temple (0/1) D:7            Lair (6/6) D:9
 Shoals (0/4) Lair:3        Snake (0/4) Lair:3
  Slime: Lair:5-6       Orc: D:9-12

Altars:
Ashenzari
Cheibriados
Elyvilon
Fedhas
Gozag
Makhleb
Trog
Wu Jian
Xom
Zin

Shops:
D:6 [


Innate Abilities, Weirdness & Mutations

You reflexively headbutt those who attack you in melee.
You have a pair of horns on your head.


Message History

* * * LOW HITPOINT WARNING * * *
The blink frog hits you but does no damage.
The blink frog blinks!
The rime drake barely misses you. You furiously retaliate!
You headbutt the rime drake! The blink frog closely misses you.
You furiously retaliate!
You headbutt the blink frog.
Blink to where?
Press: ? - help, Dir - move target cursor Splash!
You fall into the shallow water.
Moving in this stuff is going to be slow.
You are very lightly contaminated with residual magic.
As you read the scroll of blinking, it crumbles to dust.
Wield which item (- for none, * to show all)? (? for menu, Esc to quit)
You feel magic returning to you.
Your +2 war axe of freezing glows with a cold blue light!
a - a +2 war axe of freezing (weapon)
The rime drake breathes ice at you. The flash freeze hits you!
You die...

#....F......
#...F.F.....
#..Fk.......
####††.§.....t.
####.##.†.F.......
##...≈≈≈##.§.......
#....≈≈.≈P≈≈≈.≈≈...
##.##≈≈##≈≈#.≈≈##≈≈#
#..##@≈##≈≈.#≈≈# ≈≈.
#..≈≈≈≈≈≈≈≈≈≈≈≈≈P ≈≈
#..≈≈≈≈≈≈P≈≈≈≈≈≈≈
##....≈##########
#...##≈#≈≈8#
##..÷≈≈≈≈≈≈#
#..≈≈≈#≈≈≈#
##.##≈#≈≈≈#
#....≈#≈≈≈≈


You could see 2 blink frogs and a rime drake.

Vanquished Creatures
  Nessos (Lair:4)
  Josephine (Lair:5)
  8 hydras
  A dancing weapon (Lair:3)
  A two-headed ogre (D:8)
  The ghost of Zuunur the Spry, a journeyman SpEn of Dithmenos (Lair:3)
  Sonja (Lair:5)
  5 oklob plants (Lair:5)
  3 manticores (Lair:6)
  2 cyclopes
  12 elephants
  A merfolk siren (Lair:3)
  6 spiny frogs
  A rime drake (Lair:5)
  7 komodo dragons
  A troll (D:9)
  A hornet (Lair:6)
  A wind drake (Lair:6)
  2 polar bears (Lair:6)
  18 blink frogs
  7 hippogriffs
  4 wraiths (Lair:5)
  29 yaks
  4 wyverns
  3 basilisks
  A steam dragon (D:9)
  3 wargs
  Edmund (D:4)
  7 porcupines
  7 water moccasins
  A black bear (D:7)
  3 ice beasts
  4 orc warriors
  2 sky beasts
  A necrophage (D:5)
  5 ogres
  A phantom (D:6)
  12 wolves
  2 centaurs
  2 big kobolds (D:7)
  12 crocodiles
  13 bullfrogs
  A gnoll sergeant (D:6)
  4 scorpions
  5 killer bees (D:7)
  2 electric eels (Lair:1)
  A howler monkey (D:6)
  4 crimson imps
  A centaur zombie (D:7)
  5 jellies
  2 hounds
  A quasit (D:5)
  5 orc priests
  7 orc wizards
  4 iguanas
  3 worker ants
  2 hound skeletons (D:6)
  A mummy (D:7)
  2 howler monkey zombies
  A worker ant zombie (D:7)
  6 adders
  A shadow imp (D:7)
  2 oozes
  A dart slug (D:4)
  4 leopard geckos
  26 orcs
  6 giant cockroaches
  4 goblins
  8 hobgoblins
  8 jackals
  2 quokkas
  3 ball pythons
  12 bats
  11 frilled lizards
  14 kobolds
  2 leopard gecko zombies (D:5)
  2 quokka zombies
  4 rats
  5 fungi
  5 plants
375 creatures vanquished.

Vanquished Creatures (others)
  16 fungi
  11 plants
27 creatures vanquished.

Grand Total: 402 creatures vanquished

Notes
Turn   | Place    | Note
-------+----------+-------------------------------------------
     0 | D:1      | nikopol the Minotaur Berserker began the quest for the Orb.
     0 | D:1      | Reached XP level 1. HP: 19/19 MP: 0/0
   355 | D:1      | Reached skill level 4 in Axes
   355 | D:1      | Reached XP level 2. HP: 27/27 MP: 1/1
  1021 | D:2      | Reached XP level 3. HP: 34/34 MP: 2/2
  1135 | D:2      | Reached ** piety under Trog
  1234 | D:2      | Found a blossoming altar of Fedhas.
  1279 | D:2      | Found a burning altar of Makhleb.
  1279 | D:2      | Found a white marble altar of Elyvilon.
  1280 | D:2      | Found a glowing silver altar of Zin.
  1489 | D:3      | Reached XP level 4. HP: 41/41 MP: 3/3
  1546 | D:3      | Reached skill level 5 in Axes
  1854 | D:4      | Reached XP level 5. HP: 42/47 MP: 4/4
  1862 | D:4      | HP: 2/47 [orc wizard/puff of flame (8)]
  1864 | D:4      | Reached skill level 6 in Axes
  2209 | D:4      | Noticed an ogre
  2212 | D:4      | Killed an ogre
  2212 | D:4      | Reached *** piety under Trog
  2212 | D:4      | Reached XP level 6. HP: 53/53 MP: 5/5
  2343 | D:4      | Noticed Edmund
  2351 | D:4      | Killed Edmund
  2351 | D:4      | Reached skill level 7 in Axes
  2670 | D:5      | Entered Level 5 of the Dungeon
  2716 | D:5      | Reached XP level 7. HP: 54/60 MP: 6/6
  2767 | D:5      | Reached skill level 5 in Fighting
  2767 | D:5      | Reached skill level 1 in Shields
  2840 | D:5      | Reached skill level 5 in Armour
  2842 | D:5      | Reached skill level 8 in Axes
  3191 | D:5      | Reached skill level 9 in Axes
  3191 | D:5      | Reached XP level 8. HP: 36/67 MP: 7/7
  3735 | D:6      | Reached **** piety under Trog
  3768 | D:6      | Reached skill level 10 in Axes
  4027 | D:6      | Found Rajiecwel's Armour Shop.
  4152 | D:6      | Found a shattered altar of Ashenzari.
  4157 | D:6      | Found a bloodstained altar of Trog.
  4162 | D:6      | Reached skill level 11 in Axes
  4162 | D:6      | Reached XP level 9. HP: 62/74 MP: 8/8
  4666 | D:7      | Found a snail-covered altar of Cheibriados.
  4718 | D:7      | Found a staircase to the Ecumenical Temple.
  4791 | D:7      | Reached skill level 12 in Axes
  4876 | D:7      | Noticed a cyclops
  4882 | D:7      | Killed a cyclops
  4918 | D:7      | Reached ***** piety under Trog
  4937 | D:7      | Reached skill level 13 in Axes
  5076 | D:7      | Reached XP level 10. HP: 73/85 MP: 9/9
  5175 | D:7      | Found an ornate altar of the Wu Jian Council.
  5326 | D:7      | Found an opulent altar of Gozag.
  5472 | D:8      | Noticed a two-headed ogre
  5480 | D:8      | Killed a two-headed ogre
  5810 | D:8      | Noticed a cyclops
  5817 | D:8      | Killed a cyclops
  5886 | D:8      | Reached skill level 14 in Axes
  7119 | D:9      | Found a staircase to the Lair.
  7214 | D:9      | Reached skill level 1 in Stealth
  7615 | Lair:1   | Entered Level 1 of the Lair of Beasts
  7615 | Lair:1   | Noticed a four-headed hydra
  7835 | Lair:1   | Killed a four-headed hydra
  7835 | Lair:1   | Reached skill level 5 in Dodging
  8093 | Lair:1   | Reached skill level 1 in Maces & Flails
  8098 | Lair:1   | Noticed a seven-headed hydra
  8111 | Lair:1   | Killed a seven-headed hydra
  8111 | Lair:1   | Reached XP level 11. HP: 79/94 MP: 10/10
  8651 | Lair:1   | Reached skill level 10 in Armour
  8740 | Lair:1   | Reached skill level 15 in Axes
  8742 | Lair:1   | Received a gift from Trog
  8751 | Lair:1   | Noticed a four-headed hydra
  8762 | Lair:1   | Killed a four-headed hydra
  9518 | Lair:2   | Noticed a six-headed hydra
  9532 | Lair:2   | Killed a six-headed hydra
 10174 | Lair:2   | Reached skill level 10 in Fighting
 10391 | Lair:2   | Noticed a five-headed hydra
 10398 | Lair:2   | Killed a five-headed hydra
 10398 | Lair:2   | Reached skill level 5 in Shields
 10679 | Lair:2   | Noticed a lindwurm
 10737 | Lair:2   | Noticed a lindwurm
 10737 | Lair:2   | Noticed a lindwurm
 10925 | Lair:2   | Noticed a lindwurm
 10964 | Lair:3   | Reached XP level 12. HP: 91/105 MP: 11/11
 11091 | Lair:3   | Found a staircase to the Snake Pit.
 11647 | Lair:3   | Found a staircase to the Shoals.
 11858 | Lair:3   | Found a runed door.
 11859 | Lair:3   | Found a shimmering altar of Xom.
 11859 | Lair:3   | Noticed Zuunur's ghost (journeyman SpEn)
 12474 | Lair:4   | Noticed a four-headed hydra
 12523 | Lair:3   | Killed Zuunur's ghost
 12618 | Lair:4   | Reached skill level 16 in Axes
 12634 | Lair:4   | Noticed Nessos
 12644 | Lair:4   | Killed Nessos
 12961 | Lair:4   | Killed a four-headed hydra
 13712 | Lair:5   | Reached XP level 13. HP: 96/115 MP: 12/12
 14151 | Lair:5   | Reached skill level 17 in Axes
 14591 | Lair:5   | Noticed Sonja
 14750 | Lair:5   | Noticed Josephine
 14759 | Lair:5   | Killed Josephine
 14763 | Lair:5   | Reached skill level 1 in Evocations
 14796 | Lair:5   | Upgraded the game from 0.23-a0-398-g8eab93f to
                  | 0.23-a0-404-g0063841
 15013 | Lair:5   | Killed Sonja
 15393 | Lair:6   | Entered Level 6 of the Lair of Beasts
 15759 | Lair:6   | Received a gift from Trog
 15886 | Lair:6   | Reached ****** piety under Trog
 15913 | Lair:6   | Killed from afar by a rime drake

Vault maps used:
D:1:      lightli_arrival_farm
D:2:      gammafunk_temple_overflow_claw, fedhas_altar_4
D:3:      lemuel_another_geyser
D:4:      first_ration, uniq_edmund
D:5:      minmay_checkerbox
D:6:      minmay_opposing_rooms, grunt_temple_overflow_open, serial_shops,
          nicolae_shop_behind_doors
D:7:      minmay_the_grid_plus, slow_altar_1, lemuel_round_altar,
          grunt_gozag_breadcrumbs, temple_statues
D:9:      erik_lair_orcish_takeover
Lair:1:   minivault_25, serial_bayou_shore_a, grunt_megastairs_3
Lair:2:   minmay_lindwurm_lava
Lair:3:   minmay_shoals_entry_lonely_mermaid, dummy_snake_entry,
          ebering_ghost_xom, serial_bayou_pond_c
Lair:4:   uniq_nessos
Lair:5:   lemuel_fruit_tree, minmay_lair_oklob_chamber, uniq_josephine,
          uniq_sonja
Lair:6:   gammafunk_lair_ancient_temple, slime_altar_1,
          chequers_serial_rivers_micro_b

Skill      XL: |  1  2  3  4  5  6  7  8  9 10 11 12 13 |
---------------+----------------------------------------+-----
Axes           | 4 5 6 7 9 11 13 14 15 16 17 | 17.9
Fighting       | 4 5 6 7 8 10 11 12 | 12.7
Dodging        | 3 4 5 6 7 |  7.8
Armour         | 3 4 5 7 9 11 12 13 | 13.5
Shields        | 1 2 3 5 6 |  6.5
Stealth        | 1 2 |  2.1
Maces & Flails | 1 3 |  3.0
Evocations     | 1 |  1.3

Action                   |  1- 3 |  4- 6 |  7- 9 | 10-12 | 13-15 || total
-------------------------+-------+-------+-------+-------+-------++-------
Melee: Hand axe          |    76 |    63 |   237 |   432 |       ||   808
       Headbutt          |    10 |     9 |    49 |   116 |    46 ||   230
       Flail             |       |       |       |    30 |     3 ||    33
       War axe           |       |       |       |    40 |   167 ||   207
       Morningstar       |       |       |       |       |     8 ||     8
Invok: Berserk           |       |     3 |     2 |    14 |     9 ||    28
Evoke: Wand              |       |       |       |       |     4 ||     4
  Use: Scroll            |       |     5 |     3 |     5 |     1 ||    14
       Potion            |       |       |       |       |     2 ||     2
  Eat: Chunk             |     2 |     6 |    10 |    29 |     8 ||    55
       Ration            |       |       |       |     3 |     2 ||     5
Armor: Animal skin       |     4 |       |       |       |       ||     4
       Scale mail        |    35 |    31 |    74 |   158 |    12 ||   310
       Chain mail        |       |       |       |       |    77 ||    77
Dodge: Dodged            |    41 |    28 |    94 |   201 |   100 ||   464
Block: Buckler           |     2 |     7 |    34 |    75 |    42 ||   160
       Reflection        |       |       |     2 |     1 |     1 ||     4

Table legend:
 A = Non-vault XP
 B = Vault XP
 C = Vault XP percentage of total XP
 D = Non-vault monster count
 E = Vault monster count
 F = Vault count percentage of total count
                 A         B        C        D         E       F
            +---------+---------+-------+---------+---------+-------
      Total |   40841 |   17702 |  30.2 |     298 |      67 |  18.4
            +---------+---------+-------+---------+---------+-------
        D:1 |      38 |       0 |   0.0 |      23 |       0 |   0.0
        D:2 |      54 |       0 |   0.0 |      19 |       0 |   0.0
        D:3 |      59 |       0 |   0.0 |      21 |       0 |   0.0
        D:4 |     405 |     162 |  28.6 |      14 |       1 |   6.7
        D:5 |     652 |      91 |  12.2 |      16 |       3 |  15.8
        D:6 |    1271 |     322 |  20.2 |      24 |       9 |  27.3
        D:7 |    1288 |    1424 |  52.5 |      37 |      13 |  26.0
        D:8 |    1851 |     265 |  12.5 |      10 |       2 |  16.7
        D:9 |     669 |     253 |  27.4 |       4 |       5 |  55.6
     Lair:1 |    7293 |       0 |   0.0 |      29 |       0 |   0.0
     Lair:2 |    5565 |       0 |   0.0 |      20 |       0 |   0.0
     Lair:3 |    3816 |    2254 |  37.1 |      24 |       3 |  11.1
     Lair:4 |    6495 |    1325 |  16.9 |      21 |       1 |   4.5
     Lair:5 |    7083 |    5825 |  45.1 |      24 |      13 |  35.1
     Lair:6 |    4302 |    5781 |  57.3 |      12 |      17 |  58.6
            +---------+---------+-------+---------+---------+-------
